 Dungeon Crawl Stone Soup version 0.21-a0-552-g593960d (webtiles) character file.

15 tidbits the Digger (level 2, -8/20 HPs)
             Began as a Gnoll Earth Elementalist on Dec 17, 2017.
             Mangled by a centaur (9 damage)
             ... on level 3 of the Dungeon.
             The game lasted 00:01:47 (238 turns).

tidbits the Digger (Gnoll Earth Elementalist)        Turns: 238, Time: 00:01:47

Health: -8/20      AC:  2    Str: 10    XL:     2   Next: 50%
Magic:  0/7        EV: 14    Int: 17    God:
Gold:   46         SH:  0    Dex: 15    Spells: 7/10 levels left

rFire    . . .     SeeInvis .   a - +0 dagger
rCold    . . .     Gourm    .   (no shield)
rNeg     . . .     Faith    .   c - +0 robe
rPois    .         Spirit   .   (no helmet)
rElec    .         Reflect  .   (no cloak)
rCorr    .         Harm     .   (no gloves)
MR       .....                  (no boots)
Stlth    +++.......             (no amulet)
HPRegen  0.06/turn              (no ring)
MPRegen  0.10/turn              (no ring)

@: very slightly contaminated
A: distributed training, fangs 1, strong nose
a: no special abilities


You were on level 3 of the Dungeon.
You were not hungry.

You visited 1 branch of the dungeon, and saw 3 of its levels.

You collected 46 gold pieces.

Inventory:

Hand Weapons
 a - a +0 dagger (weapon)
 k - a +0 war axe
Missiles
 b - 35 stones (quivered)
 f - 2 steel javelins
 i - 21 sling bullets
Armour
 c - a +0 robe (worn)
 g - a +0 ring mail
Scrolls
 j - a scroll of identify {unknown}
Potions
 h - a potion of resistance {unknown}
Books
 e - a book of Geomancy

   Spells                             Type                      Level
   a - Sandblast                      Earth                        1
   b - Passwall                       Transmutation/Earth          2
   c - Stone Arrow                    Conjuration/Earth            3
   d - Petrify                        Transmutation/Earth          4
   e - Lee's Rapid Deconstruction     Earth                        5
Comestibles
 d - a bread ration


   Skills:
 + Level 0.4 Fighting
 + Level 0.4 Short Blades
 + Level 0.4 Long Blades
 + Level 0.4 Axes
 + Level 0.4 Maces & Flails
 + Level 0.4 Polearms
 + Level 0.4 Staves
 + Level 0.4 Slings
 + Level 0.4 Bows
 + Level 0.4 Crossbows
 + Level 0.4 Throwing
 + Level 0.4 Armour
 + Level 4.5 Dodging
 + Level 4.1 Stealth
 + Level 0.4 Shields
 + Level 0.4 Unarmed Combat
 + Level 4.9 Spellcasting
 + Level 0.2 Conjurations
 + Level 0.2 Hexes
 + Level 0.2 Charms
 + Level 0.2 Summonings
 + Level 0.2 Necromancy
 + Level 0.2 Translocations
 + Level 2.0 Transmutations
 + Level 0.2 Fire Magic
 + Level 0.2 Ice Magic
 + Level 0.2 Air Magic
 + Level 5.3 Earth Magic
 + Level 0.2 Poison Magic
 + Level 0.5 Invocations
 + Level 0.4 Evocations


You had 7 spell levels left.
You knew the following spells:

 Your Spells              Type           Power        Failure   Level  Hunger
a - Sandblast             Erth           ###...       1%          1    None
w - Passwall              Tmut/Erth      ###.......   4%          2    #......


Dungeon Overview and Level Annotations

Branches:
Dungeon (3/15)

Altars:

Annotations:
D:3 tidbits's ghost, weakling GnSu


Innate Abilities, Weirdness & Mutations

Your experience applies equally to all skills.
You have very sharp teeth.
Your uncanny sense of smell can sniff out nearby items.


Message History

Aiming: Sandblast
Press: ? - help, Shift-Dir - straight line, f - adder skeleton
Aim: an adder skeleton (resting)
The blast of sand hits the adder skeleton.
The adder skeleton is heavily damaged.
b - 41 stones
Casting: Sandblast
Confirm with . or Enter, or press ? or * to list all spells.
Aiming: Sandblast
Press: ? - help, Shift-Dir - straight line, f/p - adder skeleton
Aim: an adder skeleton (heavily damaged)
The blast of sand hits the adder skeleton.
You destroy the adder skeleton!
You have reached level 2!
b - 40 stones Memorise Passwall, consuming 2 spell levels and leaving 7?
You start memorising the spell.
You continue memorising. x2
You finish memorising.
Spell assigned to 'w'. 2 orcs come into view.
Found 10 gold pieces.
Tidbits's ghost (weakling Gnoll Summoner) comes into view.
A centaur comes into view.
The centaur shouts!
You hear a shout! x3
Found 19 stones.
You see here 5 gold pieces.
You now have 46 gold pieces (gained 5).
The orc shouts!
The centaur wields a shortbow.
The centaur shoots an arrow.
The arrow misses you.
An orc comes into view.
The orc shouts!
You hear a shout!
There is a stone staircase leading up here.
Casting: Sandblast
Confirm with . or Enter, or press ? or * to list all spells.
Aiming: Sandblast
Press: ? - help, Shift-Dir - straight line, f - orc
Aim: an orc The blast of sand hits the orc.
You kill the orc!
b - 39 stones
Casting: Sandblast
Confirm with . or Enter, or press ? or * to list all spells.
Aiming: Sandblast
Press: ? - help, Shift-Dir - straight line, f - orc
Aim: an orc, wielding a whip You miscast Sandblast.
You are very lightly contaminated with residual magic.
Your feet feel warm.
Casting: Sandblast
Confirm with . or Enter, or press ? or * to list all spells.
Aiming: Sandblast
Press: ? - help, Shift-Dir - straight line, f/p - orc
Aim: an orc, wielding a whip The blast of sand hits the orc.
You kill the orc!
b - 38 stones
Casting: Sandblast
Confirm with . or Enter, or press ? or * to list all spells.
Aiming: Sandblast
Press: ? - help, Shift-Dir - straight line, f - orc
Aim: an orc, wielding a war axe and wearing a leather armour The blast of sand hits the orc.
You kill the orc!
b - 37 stones
Things that are here:
a war axe; a leather armour; an orc corpse
k - a war axe You see here an orc corpse.
The centaur shoots an arrow.
The arrow hits you!
Ouch! That really hurt!
* * * LOW HITPOINT WARNING * * *
You hear a shout! x2
You see here an arrow. 2 orcs come into view.
The centaur unwields an uncursed shortbow.
The centaur hits you but does no damage.
Casting: Sandblast
Confirm with . or Enter, or press ? or * to list all spells.
Aiming: Sandblast
Press: ? - help, Shift-Dir - straight line, f - centaur
Aim: a centaur The blast of sand hits the centaur.
The centaur is heavily wounded.
b - 36 stones The centaur closely misses you.
Casting: Sandblast
Confirm with . or Enter, or press ? or * to list all spells.
Aiming: Sandblast
Press: ? - help, Shift-Dir - straight line, f/p - centaur
Aim: a centaur (heavily wounded)
The blast of sand hits the centaur.
The centaur is almost dead.
b - 35 stones The centaur closely misses you.
The centaur hits you.
* * * LOW HITPOINT WARNING * * *
Casting: Sandblast
Confirm with . or Enter, or press ? or * to list all spells.
You don't have enough magic to cast that spell.
The centaur hits you!
You die...

#..# #..######.
#......... ∆
#......###∆
#.<.# ... #)#[#
..# #.#.# ..#
#.#####.#†##o.#
....$.....@co.#
.....(....##.##
...#.###### .#
.. #. .# # .#
.# ∆∆ .# .. ∆


You could see a centaur and 2 orcs.

Vanquished Creatures
  An adder skeleton (D:3)
  3 orcs (D:3)
  A giant cockroach (D:1)
  2 goblins (D:1)
  2 kobolds (D:1)
9 creatures vanquished.

Notes
Turn   | Place    | Note
-------+----------+-------------------------------------------
     0 | D:1      | tidbits the Gnoll Earth Elementalist began the quest for the Orb.
     0 | D:1      | Reached XP level 1. HP: 13/13 MP: 6/6
    98 | D:1      | Reached skill level 2 in Transmutations
   214 | D:3      | Reached XP level 2. HP: 19/19 MP: 4/7
   218 | D:3      | Learned a level 2 spell: Passwall
   220 | D:3      | Noticed tidbits's ghost (weakling GnSu)
   220 | D:3      | Noticed a centaur
   237 | D:3      | HP: 1/20 [centaur (6)]
   238 | D:3      | Mangled by a centaur

Vault maps used:
D:1:      ncdulo_wetmaze, serial_park_tiny_pond
D:2:      first_bread

Skill      XL: |  1 |
---------------+----+-----
Transmutations | 2 |  2.0
Fighting       | |  0.4
Short Blades   | |  0.4
Long Blades    | |  0.4
Axes           | |  0.4
Maces & Flails | |  0.4
Polearms       | |  0.4
Staves         | |  0.4
Slings         | |  0.4
Bows           | |  0.4
Crossbows      | |  0.4
Throwing       | |  0.4
Armour         | |  0.4
Dodging        | |  4.5
Stealth        | |  4.1
Shields        | |  0.4
Unarmed Combat | |  0.4
Spellcasting   | |  4.9
Conjurations   | |  0.2
Hexes          | |  0.2
Charms         | |  0.2
Summonings     | |  0.2
Necromancy     | |  0.2
Translocations | |  0.2
Fire Magic     | |  0.2
Ice Magic      | |  0.2
Air Magic      | |  0.2
Earth Magic    | |  5.3
Poison Magic   | |  0.2
Invocations    | |  0.5
Evocations     | |  0.4

Action                   || total
-------------------------++-------
 Cast: Sandblast         ||    13
Armor: Robe              ||     1
Dodge: Dodged            ||     4

Table legend:
 A = Spawn XP
 B = Non-spawn XP
 C = Spawn XP percentage of total XP
 D = Spawn monster count
 E = Non-spawn monster count
 F = Spawn count percentage of total count
 G = Total turns spent on level
                    A         B        C        D         E        F      G
               +---------+---------+-------+---------+---------+-------+---------
         Total |       0 |      22 |   0.0 |       0 |       9 |   0.0 |   238
               +---------+---------+-------+---------+---------+-------+---------
           D:1 |       0 |       8 |   0.0 |       0 |       5 |   0.0 |   131
           D:3 |       0 |      14 |   0.0 |       0 |       4 |   0.0 |    27
               +---------+---------+-------+---------+---------+-------+---------

Table legend:
 A = Turns spent in this place as a percentage of turns spent in the entire game.
 B = Non-inter-level travel turns spent in this place as a percentage of non-inter-level travel turns spent in the entire game.
 C = Inter-level travel turns spent in this place as a percentage of turns spent in this place.
 D = Turns resting spent in this place as a percentage of non-inter-level travel turns spent in this place.
 E = Turns spent auto-exploring this place as a percentage of non-inter-level travel turns spent in this place.
 F = Non-inter-level travel turns spent in this place divided by the number of levels of this place that you've seen.
                   A       B       C       D       E      F
               +-------+-------+-------+-------+-------+----------------------
         Total | 100.0 | 100.0 |   0.0 |   0.0 |   0.0 |  79.3
       Dungeon | 100.0 | 100.0 |   0.0 |   0.0 |   0.0 |  79.3
               +-------+-------+-------+-------+-------+----------------------

Table legend:
 A = Kills in this place as a percentage of kills in entire the game.
 B = Kills by you in this place as a percentage of kills by you in the entire game.
 C = Kills by friends in this place as a percentage of kills by friends in the entire game.
 D = Other kills in this place as a percentage of other kills in the entire game.
 E = Experience gained in this place as a percentage of experience gained in the entire game.
 F = Experience gained in this place divided by the number of levels of this place that you have seen.
                   A       B       C       D       E      F
               +-------+-------+-------+-------+-------+----------------------
         Total | 100.0 | 100.0 |   N/A |   N/A | 100.0 |   7.3
       Dungeon | 100.0 | 100.0 |   N/A |   N/A | 100.0 |   7.3
               +-------+-------+-------+-------+-------+----------------------

Vault maps used:
D:1:      ncdulo_wetmaze, serial_park_tiny_pond
D:2:      first_bread
